 Dungeon Crawl Stone Soup version 0.31.0-9-g3a7656b989 (webtiles) character file.

Game seed: 1407379801266045186

198 Killerpretzel the Digger (level 5, -20/28 HPs)
             Began as a Gargoyle Earth Elementalist on Jan 26, 2024.
             Killed by an exploding water moccasin (35 damage)
             ... ignited by their inner flame
             ... on level 5 of the Dungeon.
             The game lasted 00:25:10 (3640 turns).

Killerpretzel the Digger (GrEE)                     Turns: 3640, Time: 00:25:10

Health: -20/28     AC:  9    Str: 18    XL:     5   Next: 76%
Magic:  4/9        EV: 12    Int: 17    God:
Gold:   250        SH:  0    Dex: 10    Spells: 9/10 levels left

rFire   . . .        h - +2 dagger (venom)
rCold   . . .        (no shield)
rNeg    + . .        a - +0 robe
rPois   ∞            (no helmet)
rElec   +            u - +1 cloak
rCorr   .            i - +0 pair of gloves
SInv    .            (no boots)
Will    .....        (no amulet)
Stlth   ++           x - +6 ring of strength
HPRegen 0.24/turn    (no ring)
MPRegen 0.11/turn

%: no passive effects
@: no status effects
A: sickness immunity, AC +4, negative energy resistance 1, electricity
resistance, torment resistance 1, petrification resistance
a: no special abilities


You were on level 5 of the Dungeon.
You visited 1 branch of the dungeon, and saw 5 of its levels.

You collected 250 gold pieces.

Inventory:

Hand Weapons
 e - a +0 dagger
 h - a +2 dagger of venom (weapon)
Missiles
 k - 8 boomerangs
Armour
 a - a +0 robe (worn)
 i - a +0 pair of gloves (worn)
 u - a +1 cloak (worn)
Jewellery
 x - a +6 ring of strength (left hand)
Wands
 l - a wand of acid (5)
Scrolls
 f - 2 scrolls of identify
 n - a scroll of butterflies {unknown}
 o - a scroll of torment {unknown}
 q - 2 scrolls of teleportation
 s - a scroll of silence {unknown}
 v - a scroll of noise {unknown}
 w - a scroll of enchant weapon {unknown}
Potions
 b - a potion of magic
 c - a potion of might {unknown}
 d - a potion of heal wounds {unknown}
 j - a potion of brilliance {unknown}
 m - a potion of attraction {unknown}
 p - a potion of haste {unknown}
 r - a potion of curing {unknown}
 t - 2 potions of degeneration {unknown}


   Skills:
 - Level 2.1 Dodging
 - Level 3.0 Stealth
 * Level 3.2 Spellcasting
 * Level 3.0 Conjurations
 * Level 4.8 Earth Magic


You had 9 spell levels left.
You knew the following spells:

 Your Spells              Type           Power      Damage    Failure   Level
a - Sandblast             Erth           38%        2d10      2%          1

Your spell library contained the following spells:

 Spells                   Type           Power      Damage    Failure   Level
 Passwall                 Erth           19%        N/A       7%          3
 Stone Arrow              Conj/Erth      32%        3d9       10%         3
 Momentum Strike          Conj/Tloc      14%        3d8       14%         2
 Blink                    Tloc           4%         N/A       26%         2
 Lesser Beckoning         Tloc           4%         N/A       26%         2
 Brom's Barrelling Bould  Conj/Erth      16%        2d4       32%         4
 Ozocubu's Armour         Ice            2%         N/A       45%         3
 Tukima's Dance           Hex            2%         N/A       45%         3
 Petrify                  Alch/Erth      11%        N/A       54%         4
 Iskenderun's Mystic Bla  Conj/Tloc      7%         2d4       65%         4
 Dimensional Bullseye     Hex/Tloc       1%         N/A       86%         4
 Metabolic Englaciation   Hex/Ice        1%         N/A       99%         5
 Sculpt Simulacrum        Ice/Alch       1%         N/A       100%        6


Dungeon Overview and Level Annotations

Branches:
Dungeon (5/15)
 Temple: D:4-7

Altars:
Elyvilon
Kikubaaqudgha

Shops:
D:2 !   D:3 *

Annotations:
D:3 exclusion: downstairs
D:4 exclusion: black bear


Innate Abilities, Weirdness & Mutations

You are immune to sickness and miasma.
Your stone body is resilient. (AC +4)
You are immune to poison.
You resist negative energy. (rN+)
You are resistant to electric shocks. (rElec)
You are resistant to unholy torment.
You are immune to petrification.


Message History

Aiming: Sandblast (safe; 2% risk of failure)
Press: ? - help, Shift-Dir - straight line, f/p - water moccasin
Aim: a water moccasin (inner flame, 70% to hit)
The blast of sand misses the water moccasin.
The water moccasin closely misses you.
The water moccasin bites you but does no damage.
A water moccasin is nearby!
Casting: Sandblast (safe; 2% risk of failure)
Confirm with . or Enter, or press ? or * to list all spells.
Aiming: Sandblast (safe; 2% risk of failure)
Press: ? - help, Shift-Dir - straight line, f/p - water moccasin
Aim: a water moccasin (inner flame, 70% to hit)
The blast of sand misses the water moccasin.
The water moccasin bites you but does no damage.
The water moccasin bites you.
A water moccasin is nearby!
Casting: Sandblast (safe; 2% risk of failure)
Confirm with . or Enter, or press ? or * to list all spells.
Aiming: Sandblast (safe; 2% risk of failure)
Press: ? - help, Shift-Dir - straight line, f/p - water moccasin
Aim: a water moccasin (inner flame, 70% to hit)
The blast of sand hits the water moccasin!
Flame seeps out of the water moccasin.
The water moccasin is moderately wounded.
The water moccasin is engulfed in blazing flames.
Flame seeps out of the water moccasin.
The water moccasin barely misses you.
The water moccasin is engulfed in blazing flames.
Flame seeps out of the water moccasin.
The water moccasin bites you but does no damage.
A water moccasin is nearby!
Casting: Sandblast (safe; 2% risk of failure)
Confirm with . or Enter, or press ? or * to list all spells.
Aiming: Sandblast (safe; 2% risk of failure)
Press: ? - help, Shift-Dir - straight line, f/p - water moccasin
Aim: a water moccasin (flame, almost dead, inner flame, 70% to hit)
The blast of sand hits the water moccasin.
The water moccasin explodes!
The fiery explosion engulfs you!!
Ouch! That really hurt!
You die...

.## .# #.. .. #.. .#
####.##.# . #######..?..
.# .. #####..........#
.##.##>
#...#.#####.#<§##.......
#.#......##.#.§°@.##.
._..#.##.##.#.###.......
#.#.......#..........!..
#..##.##..#.......##.##.
##.##.##..#.#.##..#
...#.## #..S..........#..#
#.#..
########......#..##.#....#
#.#.?.............#
##.####.###### ...#


There were no monsters in sight!

Vanquished Creatures
  A water moccasin (D:5)
  A bombardier beetle (D:5)
  A jelly (D:4)
  An orc wizard (D:4)
  4 adders (D:2)
  2 dart slugs (D:1)
  4 orcs (D:4)
  7 ball pythons
  5 endoplasms
  5 giant cockroaches
  11 goblins
  3 hobgoblins
  4 jackals
  A quokka (D:2)
  5 bats
  4 kobolds
  4 rats
63 creatures vanquished.

Notes
Turn   | Place    | Note
-------+----------+-------------------------------------------
     0 | D:1      | Killerpretzel the Gargoyle Earth Elementalist began the
                  | quest for the Orb.
     0 | D:1      | Reached XP level 1. HP: 10/10 MP: 3/3
   109 | D:1      | Reached XP level 2. HP: 6/15 MP: 0/5
   459 | D:1      | Found a faded altar of an unknown god.
   467 | D:1      | Reached XP level 3. HP: 9/19 MP: 1/6
   754 | D:1      | Reached skill level 4 in Earth Magic
  1044 | D:2      | Found Zociapri's Distillery.
  1288 | D:2      | Reached XP level 4. HP: 24/24 MP: 5/7
  1856 | D:3      | Found a white marble altar of Elyvilon.
  2581 | D:3      | Found Nahiros's General Store.
  2733 | D:4      | Reached XP level 5. HP: 5/28 MP: 3/9
  2985 | D:4      | Noticed an ogre
  3047 | D:4      | Noticed a black bear
  3532 | D:5      | Entered Level 5 of the Dungeon
  3543 | D:5      | Found an ancient bone altar of Kikubaaqudgha.
  3570 | D:5      | Noticed a water moccasin
  3640 | D:5      | Killed a water moccasin
  3640 | D:5      | Killed by an exploding water moccasin... ignited by their
                  | inner flame

Illustrated notes

Levels and vault maps discovered:
D:1:      kennysheep_arrival_forest, layout_loops_ring,
          hellmonk_ecumenical_altar_blasted, supply_closet_lemuel,
          kennysheep_crisscross
D:2:      layout_basic, serial_shops, shop
D:3:      layout_loops_ring, nicolae_elyvilon_peaceful_grove, serial_shops, shop
D:4:      layout_cave_pods
D:5:      layout_loops_cross, lemuel_crystal_altar, nicolae_ashenzari_skybound,
          roderic_lattice_a, uniq_crazy_yiuf_cottage, uniq_prince_ribbit1,
          uniq_duvessa

Skill      XL: |  1  2  3  4  5 |
---------------+----------------+-----
Earth Magic    | 4 |  4.8
Dodging        | 2 |  2.1
Conjurations   | 2 3 |  3.0
Stealth        | 3 |  3.0
Spellcasting   | 3 |  3.2

Action                     |  1- 3 |  4- 6 || total
---------------------------+-------+-------++-------
  Melee: Dagger            |     8 |     4 ||    12
   Cast: Sandblast         |    39 |    62 ||   101
    Use: Scroll            |       |     3 ||     3
 Armour: Robe              |    17 |    51 ||    68
  Dodge: Dodged            |    19 |    29 ||    48
